 Dungeon Crawl Stone Soup version 0.31.0-11-ge490571c62 (webtiles) character file.

Game seed: 1212004622522814585

1038 monsoonserge the Cutter (level 8, 0/32 (39) HPs)
             Began as a Spriggan Warper on Feb 4, 2024.
             Killed by divine providence
             ... invoked by an orc priest
              (9 damage)
             ... on level 5 of the Dungeon.
             The game lasted 00:18:54 (4725 turns).

monsoonserge the Cutter (Spriggan Warper)           Turns: 4725, Time: 00:18:55

HP:   0/32 (39)     AC:  9    Str:  7    XL:     8   Next: 4%
MP:   10/13         EV: 16    Int: 15    God:
Gold: 297           SH:  0    Dex: 16    Spells: 11/13 levels left

rFire   . . .        s - +2 dagger (venom)
rCold   . . .        (no shield)
rNeg    . . .        w - quicksilver dragon scales
rPois   .            (helmet restricted)
rElec   .            (no cloak)
rCorr   .            (gloves unavailable)
SInv    +            (boots unavailable)
Will    ++...        h - amulet of regeneration
Stlth   ++           (no ring)
HPRegen 1.05/turn    (no ring)
MPRegen 0.13/turn

%: no passive effects
@: heavily drained, very quick
A: very small, no large weapons, unfitting armour, see invisible, speed 3
a: no special abilities


You were on level 5 of the Dungeon.
You visited 1 branch of the dungeon, and saw 6 of its levels.
You also visited: Sewer.

You collected 297 gold pieces.

Inventory:

Hand Weapons
 a - a +0 short sword
 e - a +0 dagger of electrocution
 s - a +2 dagger of venom (weapon)
Missiles
 d - 7 darts of dispersal
 g - 8 poisoned darts
 D - 2 boomerangs (quivered)
Armour
 b - a +0 robe
 w - quicksilver dragon scales (worn)
Magical Staves
 v - a staff of death
Jewellery
 h - an amulet of regeneration (around neck)
 A - a ring of ice
 E - an amulet of faith
Wands
 x - a wand of flame (10)
 y - a wand of digging (8)
Scrolls
 c - 2 scrolls of blinking
 f - a scroll of amnesia {unknown}
 j - a scroll of vulnerability {unknown}
 k - a scroll of fear {unknown}
 l - 3 scrolls of immolation {unknown}
 n - a scroll of silence {unknown}
 p - 4 scrolls of teleportation
 q - 2 scrolls of brand weapon {unknown}
 u - 3 scrolls of acquirement {unknown}
 z - a scroll of enchant weapon {unknown}
 B - a scroll of fog {unknown}
 C - a scroll of noise {unknown}
Potions
 i - 2 potions of mutation {unknown}
 m - 2 potions of attraction {unknown}
 o - a potion of resistance
 r - a potion of brilliance
 t - 3 potions of curing {unknown}
 F - a potion of lignification {unknown}


   Skills:
 + Level 2.8 Fighting
 * Level 7.3 Short Blades
 + Level 1.6 Throwing
 + Level 2.0 Armour
 + Level 5.3 Dodging
 + Level 3.6 Stealth
 - Level 3.0 Spellcasting
 - Level 6.0 Translocations


You had 11 spell levels left.
You knew the following spells:

 Your Spells              Type           Power      Damage    Failure   Level
a - Blink                 Tloc           40%        N/A       9%          2

Your spell library contained the following spells:

 Spells                   Type           Power      Damage    Failure   Level
 Lesser Beckoning         Tloc           40%        N/A       9%          2
 Teleport Other           Tloc           20%        N/A       17%         3
 Manifold Assault         Tloc           20%        N/A       50%         4
 Slow                     Hex            8%         N/A       54%         1
 Vhi's Electric Charge    Tloc/Air       22%        N/A       88%         4
 Inner Flame              Hex/Fire       2%         N/A       89%         3
 Flame Wave               Conj/Fire      2%         2d4       100%        4
 Sticky Flame             Fire/Alch      2%         2d4       100%        4


Dungeon Overview and Level Annotations

Branches:
Dungeon (6/15)              Sewer (visited)
 Temple: D:4-7

Altars:

Shops:
D:4 (


Innate Abilities, Weirdness & Mutations

You are very small and have problems with some larger weapons.
You are too small for most types of armour.
You have supernaturally acute eyesight. (SInv)
You cover ground extremely quickly. (Speed+++)


Message History

You are very lightly contaminated with residual magic.
Nothing appears to happen.
The orc closely misses you. x2
Casting: Blink (safe; 9% risk of failure)
Confirm with . or Enter, or press ? or * to list all spells.
You blink.
The orc barely misses you.
You hit the orc.
The orc looks as sick as possible!
The orc is heavily wounded.
You kill the orc!
There is a stone staircase leading down here.
The orc priest calls down the wrath of Beogh upon you.
Beogh smites you!
* * * LOW HITPOINT WARNING * * *
You barely miss the orc priest.
The orc priest hits you with a +0 dagger.
* * * LOW HITPOINT WARNING * * *
You hit the orc priest.
The orc priest is moderately wounded.
You feel ready to blink again.
You hit the orc priest.
The orc priest is severely wounded.
The orc hits you but does no damage.
The orc priest hits you with a +0 dagger.
* * * LOW HITPOINT WARNING * * *
Your magical contamination has completely faded away.
You hit the orc priest but do no damage.
The orc priest is poisoned.
The orc priest is severely wounded.
The orc barely misses you.
You hit the orc priest but do no damage.
The orc priest looks as sick as possible!
The orc priest is severely wounded.
The orc priest hits you but does no damage.
The orc closely misses you.
You hit the orc priest.
The orc priest looks as sick as possible!
The orc priest is almost dead.
The orc misses you.
The orc priest calls down the wrath of Beogh upon you.
Beogh smites you!
You die...

##.##.. .# #.. >..#.# .. #
#.###..#!##.# #. #...........#
####### #.#######.##.....#..
#.....# #...oo@...##.#.#.#.#
##.....######.##oo.....#.#.#.####
..........# #)##.#..............z
##.....##.###o##.......##..#.#..#
##.....#...##>##.#......o..#.#..#
#######...##o##.#..##.##.##.....
#...##.<.....##.##.##.#..#
#.#######.......##.##.#..#
########.### ###...####.....o..


You could see an orc priest (extremely poisoned) and 3 orcs.

Vanquished Creatures
  An ice beast (D:5)
  An ogre (D:5)
  2 bullfrogs (Sewer)
  3 scorpions
  A wight (D:5)
  2 bombardier beetles
  3 hounds (D:5)
  Jessica (D:3)
  An iguana (D:5)
  An orc wizard (D:4)
  8 adders
  A white imp (D:6)
  11 dart slugs
  9 orcs
  19 ball pythons
  13 endoplasms
  23 giant cockroaches
  7 goblins
  7 hobgoblins
  7 jackals
  3 quokkas
  5 bats
  14 frilled lizards
  10 kobolds
  5 rats
158 creatures vanquished.

Notes
Turn   | Place    | Note
-------+----------+-------------------------------------------
     0 | D:1      | monsoonserge the Spriggan Warper began the quest for the
                  | Orb.
     0 | D:1      | Reached XP level 1. HP: 10/10 MP: 5/5
    94 | D:1      | Reached skill level 5 in Translocations
   158 | D:1      | Reached XP level 2. HP: 15/15 MP: 6/6
   161 | D:1      | Learned a level 2 spell: Blink
   976 | D:2      | Found a faded altar of an unknown god.
   999 | D:2      | Reached XP level 3. HP: 15/18 MP: 8/8
  1288 | D:2      | Reached skill level 3 in Short Blades
  1648 | D:3      | Reached skill level 1 in Stealth
  1698 | D:3      | Found a glowing drain.
  1714 | D:3      | Reached XP level 4. HP: 21/23 MP: 9/9
  1742 | Sewer    | Entered a sewer
  1858 | Sewer    | Reached skill level 4 in Short Blades
  1963 | Sewer    | Reached XP level 5. HP: 26/26 MP: 10/10
  2092 | Sewer    | Reached skill level 5 in Short Blades
  2104 | Sewer    | Reached XP level 6. HP: 5/30 MP: 11/11
  2790 | D:3      | Noticed Jessica
  2804 | D:3      | Killed Jessica
  2807 | D:3      | Got Jessica's Almanac of the Jinx
  2964 | D:4      | Found Ajohigos's Antique Weapon Shoppe.
  3041 | D:4      | Reached skill level 6 in Short Blades
  3041 | D:4      | Reached skill level 5 in Dodging
  3401 | D:4      | Reached XP level 7. HP: 31/35 MP: 12/12
  4038 | D:5      | Entered Level 5 of the Dungeon
  4088 | D:5      | Reached skill level 1 in Armour
  4269 | D:5      | Reached skill level 7 in Short Blades
  4450 | D:5      | Reached XP level 8. HP: 32/38 MP: 13/13
  4725 | D:5      | Killed from afar by an orc priest

Illustrated notes

Levels and vault maps discovered:
D:1:      spicycebolla_arrival_transporter_tutorial, layout_rooms,
          minmay_liquid_box
D:2:      layout_basic, dreamdust_ecumenical_altar_statues
D:3:      layout_basic, gup_sewer_entry_glass, nrook_mini_vaults,
          chequers_serial_rivers_micro_d, minivault_25,
          nicolae_concentric_dashed_squares_wild, kennysheep_jessica_study
D:4:      layout_layer_cave, serial_shops, shop, dk_noncrumbling_3
D:5:      layout_loops_cross, kennysheep_generic_room_13
D:6:      layout_rooms, nzn_hepliaklqana_mist_gate, trog_wizard,
          minmay_fire_ice_demons

Skill      XL: |  1  2  3  4  5  6  7 |
---------------+----------------------+-----
Translocations | 5 6 |  6.0
Short Blades   | 3 4 5 6 7 |  7.3
Spellcasting   | 3 |  3.0
Stealth        | 1 2 3 |  3.6
Dodging        | 4 5 |  5.3
Fighting       | 2 |  2.8
Armour         | 2 |  2.0
Throwing       | |  1.6

Action                     |  1- 3 |  4- 6 |  7- 9 || total
---------------------------+-------+-------+-------++-------
  Melee: Dagger            |   123 |   237 |   141 ||   501
         Short sword       |     4 |       |       ||     4
         Punch             |     1 |     3 |     3 ||     7
  Throw: Dart              |       |     2 |       ||     2
         Boomerang         |       |       |    10 ||    10
   Cast: Blink             |       |       |     1 ||     1
    Use: Scroll            |     3 |     1 |       ||     4
   Stab: Sleeping          |     1 |     4 |     1 ||     6
 Armour: Robe              |    37 |    34 |       ||    71
         Quicksilver drago |       |    22 |    49 ||    71
  Dodge: Dodged            |    81 |   137 |    56 ||   274
